Map: Paisaje nocturno EE

Players

Rakatiel

  • Race: Protoss Protoss
  • Spawn Location: 7:00

Vincent

  • Race: Terran Terran
  • Spawn Location: 7:00

TATORREA - Winner!

  • Race: Protoss Protoss
  • League: Gold
  • Spawn Location: 1:00

MrFercho - Winner!

  • Race: Zerg Zerg
  • League: Gold
  • Spawn Location: 1:00

VOD

Have the link to the VOD?

Description

Time

  • Played on: July 26, 2020, 8:51 p.m.
  • Length: 14:40
Show
View Real Time Build Order
Export as new Build Order

Rakatiel Protoss 

Build Orders:  

Get SALT Encoding   

  12  0:01  Probe  
  13  0:13  Probe  
  14  0:18  Pylon  
  14  0:25  Probe  
  15  0:37  Probe  
  15  0:39  Gateway  
  16  0:49  Probe  
  17  0:51  Assimilator  
  17  0:55  Assimilator  
  17  1:01  Probe  
  18  1:09  Pylon  
  18  1:13  Probe  
  19  1:26  Probe  
  19  1:31  Cybernetics Core  
  20  1:39  Probe  
  21  1:44  Zealot  
  23  1:51  Probe  
  24  2:03  Probe  
  24  2:08  Robotics Facility  
  25  2:12  Robotics Facility  
  25  2:16  Sentry  
  25  2:20  Probe  
  28  2:34  Warp Gate  
  28  2:49  Nexus  
  28  3:09  Pylon  
  28  3:13  Zealot  
  30  3:28  Immortal  
  30  3:33  Immortal  
  37  3:58  Pylon  
  37  4:03  Probe  
  37  4:07  Immortal  
  42  4:22  Immortal  
  46  4:26  Sentry  
  46  4:30  Probe  
  49  4:31  Probe  
  50  4:38  Probe  
  50  4:41  Probe  
  52  4:47  Probe  
  52  4:49  Probe  
  53  4:56  Immortal  
  58  5:00  Probe  
  58  5:02  Probe  
  60  5:09  Probe  
  60  5:10  Probe  
  62  5:24  Pylon  
  62  5:27  Forge  
  62  5:37  Protoss Ground Weapons Level 1  
  62  5:42  Immortal, Probe x2  
  68  5:50  Probe  
  68  5:51  Probe  
  70  6:07  Pylon x3  
  70  6:19  Assimilator  
  70  6:21  Assimilator  
  70  6:25  Immortal, Probe x2  
  76  6:29  Immortal  
  80  6:37  Probe x2  
  82  6:57  Photon Cannon  
  82  6:58  Sentry  
  82  6:59  Photon Cannon  
  82  7:00  Photon Cannon  
  84  7:01  Nexus  
  84  7:14  Photon Cannon  
  84  7:16  Photon Cannon  
  84  7:21  Immortal  
  88  7:24  Observer  
  88  7:27  Sentry  
  88  7:28  Protoss Ground Armor Level 1  
  91  7:30  Gateway x2  
  91  7:36  Probe  
  92  8:15  Pylon  
  91  8:31  Immortal  
  91  8:32  Immortal  
  99  8:35  Zealot x2  
  99  8:37  Zealot  
  105  9:00  Zealot x2  
  109  9:11  Pylon  
  109  9:12  Pylon  
  109  9:14  Pylon  
  109  9:17  Pylon  
  109  9:19  Gateway, Probe x2  
  109  9:20  Gateway  
  109  9:21  Gateway, Probe  
  96  9:33  Probe  
  97  9:39  Stalker x3  
  103  9:53  Immortal x2  
  111  10:06  Twilight Council  
  111  10:08  Probe x3  
  111  10:10  Gateway x2  
  114  10:14  Gateway  
  114  10:16  Probe x3  
  117  10:25  Probe  
  117  10:26  Stalker x5  
  117  10:27  Stalker  
  126  10:51  Blink  
  126  10:53  Stalker x4  
  126  10:54  Stalker x2  
  138  11:06  Stalker  
  106  11:21  Stalker x2  
  106  11:22  Stalker x5  
  106  11:23  Stalker  
  117  11:27  Protoss Ground Weapons Level 2  
  117  11:28  Probe  
  117  11:29  Probe x2  
  120  11:40  Probe  
  121  11:50  Probe  
  121  11:51  Probe  
  121  11:53  Probe  
  124  11:54  Assimilator  
  124  11:56  Assimilator  
  124  11:58  Photon Cannon  
  124  11:59  Photon Cannon  
  124  12:00  Pylon  
  124  12:03  Probe  
  125  12:20  Probe x2  
  127  12:24  Stalker x6  
  127  12:25  Stalker  
  141  12:51  Pylon  
  141  12:52  Pylon  
  141  12:53  Pylon  
  141  12:55  Pylon  
  141  12:56  Pylon  
  141  12:58  Pylon  
  86  13:27  Nexus  
  62  13:35  Stalker x6  
  62  13:36  Stalker x3  
  80  13:44  Immortal x2  
  88  14:00  Stalker x4  
  88  14:01  Stalker x2  
Show
View Real Time Build Order
Export as new Build Order

Vincent Terran 

Build Orders:  

Get SALT Encoding   

  12  0:01  SCV  
  13  0:13  SCV  
  14  0:21  Supply Depot  
  14  0:28  SCV  
  15  0:42  SCV  
  16  0:44  Barracks  
  16  0:54  SCV  
  17  0:59  Refinery  
  17  1:05  Supply Depot  
  17  1:07  SCV  
  18  1:19  SCV  
  19  1:33  Marine  
  19  1:36  Orbital Command  
  20  1:41  Refinery  
  20  1:46  Barracks  
  20  1:51  Marine  
  20  1:53  Supply Depot  
  21  2:22  SCV  
  22  2:23  Marine  
  23  2:31  Command Center  
  23  2:37  Barracks Tech Lab  
  23  2:43  Factory  
  23  2:47  SCV  
  24  2:59  SCV  
  24  3:00  Marine  
  24  3:02  Marauder  
  24  3:04  Concussive Shells  
  28  3:09  Engineering Bay  
  28  3:18  Marine  
  29  3:30  Marauder, Factory Tech Lab  
  31  3:36  Marine  
  31  3:37  SCV  
  31  3:38  Terran Infantry Weapons Level 1  
  33  3:45  Engineering Bay  
  33  3:49  SCV  
  34  3:58  Siege Tank  
  34  4:00  Barracks Reactor  
  37  4:06  SCV  
  38  4:12  Terran Infantry Armor Level 1  
  38  4:18  Orbital Command  
  38  4:19  SCV  
  39  4:27  Marauder  
  39  4:28  Combat Shield  
  41  4:38  Marine x2  
  41  4:45  Supply Depot, SCV  
  44  4:49  SCV  
  45  4:53  Refinery  
  45  4:57  Refinery  
  45  5:01  SCV  
  45  5:02  Starport, Marine x2  
  45  5:05  Siege Tank  
  51  5:19  Marauder  
  51  5:20  Marine x2  
  55  5:22  SCV  
  56  5:28  Armory  
  56  5:34  SCV  
  57  5:36  Supply Depot  
  57  5:39  Supply Depot  
  57  5:46  SCV  
  58  6:12  SCV  
  59  6:19  Medivac  
  59  6:20  Marauder, Marine x2  
  59  6:21  Siege Tank  
  59  6:24  SCV  
  69  6:29  Factory  
  69  6:36  SCV  
  69  6:39  SCV  
  71  6:48  SCV  
  71  6:49  Supply Depot  
  71  6:51  SCV  
  73  6:57  Missile Turret  
  73  6:58  Missile Turret  
  73  7:00  SCV  
  74  7:02  Siege Tank  
  74  7:03  SCV, Terran Vehicle Weapons Level 1, Missile Turret  
  74  7:04  Terran Infantry Weapons Level 2  
  78  7:10  Marine x2  
  78  7:11  Marauder  
  78  7:12  Starport Reactor, SCV  
  83  7:19  Factory Tech Lab  
  83  7:28  Marine x2  
  83  7:29  Supply Depot  
  85  7:32  Supply Depot  
  85  7:34  Supply Depot  
  85  7:35  SCV  
  86  7:40  Supply Depot  
  86  7:42  Missile Turret  
  86  7:44  Missile Turret  
  86  7:48  Missile Turret  
  86  7:50  SCV  
  86  7:51  Marauder  
  89  7:52  Missile Turret  
  89  7:59  Siege Tank x2  
  89  8:00  Marine x2  
  89  8:02  Medivac, SCV  
  100  8:15  SCV x2  
  102  8:27  SCV x2  
  102  8:31  Terran Infantry Armor Level 2  
  104  8:34  Siege Tank  
  104  8:35  Marine  
  104  8:38  Marauder  
  110  8:44  Marine  
  110  8:46  Siege Tank  
  114  8:52  Marine  
  114  8:54  Command Center  
  115  8:57  Terran Vehicle And Ship Armor Level 1  
  115  9:02  Marine  
  116  9:15  Marine x2  
  118  9:19  Medivac  
  118  9:22  Refinery  
  118  9:23  Missile Turret  
  118  9:26  Marine, Refinery  
  118  9:27  Missile Turret  
  113  9:33  Marauder  
  115  9:54  Marine x2  
  117  10:00  Stimpack  
  117  10:05  Thor x2  
  117  10:06  Marauder, Barracks  
  131  10:12  Marine x2  
  133  10:14  Barracks  
  133  10:27  Marine  
  126  10:35  Marine x2  
  113  10:37  Medivac x2  
  96  10:44  Marine  
  93  10:53  Thor, Marine  
  93  10:56  Barracks Reactor, Marine  
  101  10:59  Thor  
  101  11:03  Marauder  
  109  11:11  Marine, Orbital Command  
  109  11:15  Missile Turret  
  110  11:23  Starport  
  110  11:24  Marauder  
  112  11:26  Starport  
  112  11:32  Barracks Reactor  
  112  11:41  SCV  
  113  11:49  SCV  
  113  11:50  Terran Infantry Weapons Level 3  
  113  11:52  Terran Infantry Armor Level 3  
  113  11:53  SCV  
  115  11:54  Terran Ship Weapons Level 1  
  115  11:57  Marine x2  
  117  12:01  Armory  
  117  12:17  SCV  
  117  12:19  Starport Tech Lab x2  
  118  12:23  Fusion Core  
  118  12:26  Command Center  
  118  12:29  SCV  
  119  12:35  Viking x2  
  119  12:36  Marine x2  
  125  12:41  SCV  
  126  12:46  Marine x4  
  126  12:47  Marine  
  131  12:53  SCV  
  132  13:33  Viking  
  133  13:34  Viking x2  
  133  13:35  Marauder  
  133  13:36  Thor  
  133  13:37  Thor  
  111  13:45  Marine x6  
  87  13:48  Viking  
  89  13:56  Marauder  
  91  14:03  Viking, Marine x4  
  83  14:17  Marauder  
  83  14:20  Marine  
Show
View Real Time Build Order
Export as new Build Order

TATORREA Protoss - Winner!

Build Orders: Carriers 

Get SALT Encoding   

  12  0:01  Probe  
  13  0:13  Probe  
  14  0:22  Pylon  
  14  0:25  Probe  
  15  0:40  Probe  
  16  0:46  Gateway  
  16  0:50  Probe  
  16  0:55  Assimilator  
  17  0:58  Probe  
  18  1:06  Pylon  
  18  1:07  Probe  
  19  1:19  Probe  
  20  1:37  Probe  
  21  1:44  Cybernetics Core  
  21  1:49  Probe  
  22  2:12  Pylon  
  22  2:13  Nexus  
  22  2:15  Probe  
  22  2:20  Warp Gate  
  23  2:26  Assimilator  
  23  2:27  Stalker  
  25  2:31  Probe  
  26  2:42  Gateway  
  26  2:43  Probe  
  27  2:55  Probe  
  28  3:05  Stalker  
  30  3:07  Probe  
  30  3:12  Twilight Council  
  31  3:19  Probe  
  32  3:23  Pylon  
  32  3:28  Charge  
  32  3:31  Stalker, Probe  
  32  3:33  Probe  
  36  3:35  Sentry  
  38  3:43  Probe  
  39  3:55  Probe x2  
  40  4:01  Shield Battery  
  41  4:05  Shield Battery  
  41  4:07  Probe  
  41  4:08  Probe  
  43  4:15  Stargate  
  43  4:19  Probe  
  43  4:20  Probe, Zealot  
  47  4:25  Zealot  
  49  4:31  Assimilator, Probe  
  49  4:34  Probe  
  49  4:36  Assimilator  
  51  4:46  Probe x2  
  53  4:58  Probe  
  53  4:59  Probe  
  55  5:07  Void Ray, Fleet Beacon  
  55  5:11  Probe x2  
  61  5:23  Probe  
  62  5:35  Pylon  
  62  5:39  Pylon  
  62  5:45  Pylon, Nexus  
  62  5:48  Pylon  
  62  5:50  Unknown  
  62  5:53  Probe x2  
  62  5:54  Zealot  
  62  5:55  Zealot  
  68  5:57  Void Ray  
  72  6:05  Probe  
  72  6:07  Probe, Stargate  
  74  6:17  Probe  
  75  6:19  Probe  
  75  6:21  Gateway  
  76  6:26  Gateway  
  76  6:30  Gateway, Probe  
  76  6:31  Probe  
  78  6:35  Protoss Air Weapons Level 1  
  78  6:37  Stargate  
  78  6:40  Cybernetics Core  
  78  6:46  Tempest  
  83  6:52  Blink  
  83  6:54  Probe  
  83  6:55  Probe  
  83  7:01  Assimilator  
  85  7:02  Probe  
  85  7:05  Assimilator  
  85  7:06  Probe  
  85  7:07  Probe  
  88  7:14  Pylon, Probe  
  89  7:16  Tempest  
  89  7:17  Pylon  
  89  7:20  Carrier  
  100  7:30  Protoss Air Armor Level 1  
  100  7:36  Probe x2  
  100  7:37  Probe  
  103  7:47  Carrier  
  103  7:48  Probe  
  104  7:54  Tempest  
  107  8:22  Zealot x5  
  117  8:30  Protoss Air Weapons Level 2  
  117  8:59  Probe x3  
  120  9:04  Gateway  
  120  9:07  Gateway x2, Tempest  
  125  9:14  Pylon  
  125  9:17  Pylon, Probe x2  
  125  9:18  Probe  
  125  9:20  Carrier  
  125  9:21  Nexus  
  120  9:32  Carrier  
  126  9:55  Carrier  
  132  10:00  Zealot  
  132  10:01  Zealot x3  
  140  10:16  Pylon  
  140  10:21  Pylon  
  140  10:24  Pylon  
  140  10:25  Forge  
  140  10:26  Tempest, Forge  
  140  10:28  Forge  
  140  10:29  Pylon, Templar Archives  
  136  10:37  Carrier  
  139  11:05  Tempest  
  128  11:31  Carrier  
  134  11:40  Tempest  
  139  11:53  Nexus  
  139  11:54  Pylon  
  139  11:58  Pylon  
  139  12:00  Protoss Air Weapons Level 3, Assimilator  
  139  12:02  Protoss Air Armor Level 2  
  139  12:04  Assimilator  
  139  12:09  Pylon  
  139  12:12  Carrier  
  145  12:16  Pylon  
  145  12:19  Pylon  
  145  12:23  Tempest  
  145  12:24  Zealot x3  
  145  12:29  Zealot x2  
  160  12:30  Zealot x2  
  160  12:34  Zealot  
  160  12:35  Carrier  
  172  13:06  Tempest  
  165  13:16  Tempest  
  166  13:30  Zealot x3  
  166  13:31  Zealot x4  
  166  13:32  Zealot  
  182  13:52  Zealot x3  
  182  13:53  Zealot x4  
  196  14:11  Pylon  
  174  14:17  Pylon  
  174  14:23  Pylon  
Show
View Real Time Build Order
Export as new Build Order

MrFercho Zerg - Winner!

Build Orders: Hatch First, Lurkers, Roach Hydra 

Get SALT Encoding   

  12  0:01  Drone  
  13  0:13  Overlord  
  13  0:18  Drone  
  14  0:31  Drone x2  
  16  0:52  Drone  
  16  0:53  Hatchery  
  16  0:56  Drone  
  17  1:06  Drone  
  17  1:10  Extractor  
  17  1:20  Spawning Pool  
  17  1:24  Drone x2  
  18  1:29  Drone  
  19  1:40  Drone  
  20  1:50  Overlord  
  20  2:07  Zergling x2  
  20  2:08  Zergling x2  
  22  2:10  Queen x2  
  22  2:14  Drone  
  27  2:18  Metabolic Boost  
  27  2:19  Drone  
  28  2:24  Drone  
  29  2:32  Drone  
  29  2:33  Drone  
  31  2:37  Drone  
  32  2:46  Drone  
  32  2:51  Queen  
  33  2:58  Drone  
  36  2:59  Overlord x2  
  34  3:37  Roach Warren  
  34  3:39  Extractor  
  34  3:41  Extractor, Overlord x2  
  32  3:43  Zergling x12  
  32  3:44  Drone  
  32  3:48  Lair  
  38  3:56  Drone  
  38  3:57  Drone x2  
  41  4:06  Drone x4  
  45  4:13  Drone x2  
  47  4:23  Drone  
  48  4:27  Lair  
  48  4:28  Drone x4  
  52  4:35  Drone x3  
  55  4:56  Overlord x2  
  55  5:08  Hydralisk Den, Glial Reconstitution  
  54  5:27  Drone  
  54  5:28  Drone x10  
  65  5:42  Extractor, Hatchery  
  63  5:44  Extractor, Hatchery  
  63  5:45  Extractor  
  63  5:46  Evolution Chamber  
  63  5:47  Muscular Augments, Evolution Chamber  
  58  5:52  Lurker Den  
  58  5:55  Drone x3  
  58  5:56  Drone x3  
  63  6:04  Overlord  
  63  6:05  Overlord x2  
  63  6:12  Pneumatized Carapace  
  65  6:25  Roach  
  65  6:26  Roach x3  
  71  6:38  Zerg Ground Armor Level 1, Zerg Missile Weapons Level 1  
  71  6:51  Drone x2  
  73  6:58  Grooved Spines  
  73  7:01  Queen  
  75  7:09  Burrow  
  75  7:19  Drone x2, Infestation Pit  
  75  7:20  Drone x2  
  75  7:21  Drone x2  
  75  7:22  Overlord x3  
  80  7:23  Hydralisk x8  
  96  7:36  Zergling x16  
  104  7:44  Overseer  
  104  8:09  Lurker x6  
  110  8:20  Hive  
  110  8:34  Overlord x2  
  110  8:35  Overlord  
  110  8:40  Hydralisk x7  
  110  8:41  Hydralisk  
  115  9:42  Roach x8  
  115  9:43  Roach x10  
  151  9:48  Seismic Spines  
  151  9:52  Spire  
  150  10:08  Overlord x5  
  150  10:09  Overlord  
  150  10:15  Zerg Missile Weapons Level 2  
  150  10:20  Zerg Melee Weapons Level 1  
  109  10:45  Adaptive Talons  
  109  10:58  Hydralisk x12  
  101  11:31  Greater Spire  
  101  11:45  Adrenal Glands  
  101  11:49  Corruptor x3  
  101  11:50  Corruptor x6  
  119  12:04  Overlord x2  
  119  12:08  Queen  
  119  12:13  Hatchery  
  120  12:19  Hatchery  
  119  12:43  Zerg Flyer Weapons Level 1  
  119  12:48  Brood Lord  
  119  12:49  Brood Lord x4  
  101  13:59  Hydralisk x4  
  101  14:00  Hydralisk x17  
  138  14:08  Overlord  
Tags
 
Add a new tag
Caveats
  • Supply blocks, unpowered buildings, or Contaminate may cause inaccurate times.
  • Supply counts are checked every 10 seconds.